Map: 新柯尔克辖区 - 锦标赛版 (虚空)

Players

Rex

  • Race: Zerg Zerg
  • Spawn Location: 5:00

Beastyqt - Winner!

  • Race: Terran Terran
  • Spawn Location: 7:00

Event: WESG 2016 Finals

VOD

Have the link to the VOD?

Description

Time

  • Played on: Jan. 12, 2017, 3:52 a.m.
  • Length: 10:14

All games in this series

Show
View Real Time Build Order
Export as new Build Order

Rex Zerg 

Build Orders: Hatch First, Swarm Host 

Get SALT Encoding   

  12  0:01  Drone  
  13  0:08  Drone  
  14  0:18  Overlord  
  14  0:23  Drone, Extractor  
  15  0:36  Drone x2  
  17  0:52  Hatchery  
  17  0:55  Drone  
  17  0:59  Drone  
  18  1:05  Extractor  
  17  1:15  Spawning Pool  
  17  1:17  Drone  
  17  1:22  Drone  
  18  1:29  Drone  
  19  1:39  Overlord  
  19  2:01  Queen  
  19  2:02  Zergling x4  
  19  2:03  Queen  
  19  2:05  Metabolic Boost  
  25  2:08  Drone  
  25  2:12  Drone  
  27  2:18  Drone  
  28  2:34  Hatchery  
  28  2:36  Drone  
  28  2:39  Drone  
  29  2:44  Drone x2  
  29  2:51  Queen  
  31  2:56  Overlord  
  33  3:00  Drone  
  34  3:05  Drone  
  35  3:15  Drone  
  35  3:16  Drone x5  
  35  3:19  Overlord  
  41  3:26  Queen  
  43  3:37  Queen  
  43  3:40  Overlord  
  43  3:41  Zergling x6  
  47  3:43  Zergling x2  
  47  3:46  Drone  
  47  3:48  Drone  
  51  3:51  Spore Crawler  
  51  3:52  Overlord  
  50  3:57  Spore Crawler  
  50  3:59  Drone x2  
  51  4:03  Drone  
  51  4:04  Drone  
  51  4:06  Drone  
  54  4:11  Zergling x8  
  54  4:14  Drone  
  59  4:21  Drone, Spore Crawler  
  59  4:25  Drone x2  
  61  4:41  Drone  
  61  4:43  Drone  
  61  4:44  Drone x2  
  61  4:45  Drone  
  65  4:46  Overlord x2  
  65  4:47  Lair  
  65  4:57  Drone  
  65  4:58  Overlord  
  65  4:59  Overlord  
  65  5:03  Overlord  
  65  5:06  Extractor  
  64  5:10  Drone x3  
  64  5:11  Drone x3  
  70  5:16  Baneling Nest  
  70  5:18  Zergling x14  
  76  5:27  Drone  
  68  5:36  Zergling x6  
  68  5:41  Drone  
  68  5:42  Drone  
  72  5:43  Drone  
  67  5:57  Drone  
  67  6:03  Drone x6  
  72  6:04  Overseer  
  72  6:07  Drone  
  72  6:09  Drone  
  74  6:12  Overlord  
  74  6:17  Evolution Chamber, Overseer  
  74  6:18  Drone  
  72  6:20  Evolution Chamber  
  72  6:21  Drone  
  70  6:30  Drone x5  
  76  6:32  Drone  
  76  6:38  Queen x2  
  76  6:39  Drone  
  81  6:40  Drone  
  81  6:45  Drone  
  83  6:48  Zerg Melee Weapons Level 1  
  83  6:51  Zerg Missile Weapons Level 1  
  83  6:53  Drone x2  
  85  6:54  Extractor  
  85  6:58  Infestation Pit, Extractor  
  85  7:00  Drone  
  83  7:02  Extractor  
  83  7:03  Drone  
  83  7:04  Drone x4  
  83  7:06  Drone  
  83  7:08  Extractor  
  87  7:17  Zergling x2  
  87  7:18  Zergling x4  
  90  7:24  Drone  
  90  7:28  Zergling x2  
  90  7:29  Zergling x14  
  89  7:35  Zergling x4  
  89  7:36  Baneling x2  
  89  7:38  Baneling  
  89  7:46  Hatchery  
  89  7:48  Spire  
  89  7:49  Baneling  
  89  7:50  Drone  
  83  7:57  Drone x4  
  75  8:03  Drone  
  75  8:10  Drone  
  75  8:13  Drone  
  75  8:16  Drone  
  75  8:18  Drone  
  75  8:19  Drone  
  79  8:23  Drone  
  79  8:24  Drone  
  79  8:27  Drone x2  
  82  8:28  Drone  
  84  8:35  Hatchery  
  83  8:42  Swarm Host x2  
  83  8:43  Swarm Host x3  
  83  8:45  Hatchery, Overlord x3  
  97  8:51  Overlord  
  97  8:58  Zergling x4  
  99  9:04  Zergling x2  
  99  9:05  Baneling  
  99  9:06  Swarm Host  
  103  9:17  Baneling x2  
  103  9:20  Zergling x6  
  103  9:22  Swarm Host x4  
  118  9:30  Swarm Host  
  121  9:32  Baneling x4  
  121  9:37  Drone  
  122  9:43  Overlord x3  
  122  9:51  Hatchery  
Show
View Real Time Build Order
Export as new Build Order

Beastyqt Terran - Winner!

Build Orders: Reaper Expand, Hellion Banshee, Mech 

Get SALT Encoding   

  12  0:00  SCV  
  13  0:13  SCV  
  14  0:18  Supply Depot  
  14  0:25  SCV  
  15  0:30  Refinery  
  15  0:40  SCV  
  16  0:46  Barracks  
  16  0:52  SCV  
  17  1:04  SCV  
  18  1:16  SCV  
  19  1:32  Orbital Command  
  19  1:33  Reaper  
  20  1:45  Command Center  
  20  1:56  Factory  
  20  1:59  SCV  
  21  2:07  Barracks Reactor  
  21  2:10  Supply Depot  
  21  2:12  SCV  
  22  2:19  Refinery  
  22  2:24  SCV  
  23  2:36  SCV  
  24  2:46  Starport  
  24  2:48  SCV  
  24  2:50  Hellion x2  
  29  2:54  Barracks Tech Lab  
  29  2:58  Orbital Command  
  29  3:02  SCV  
  30  3:11  Widow Mine x2  
  34  3:14  SCV  
  35  3:23  SCV  
  35  3:26  SCV  
  37  3:28  Medivac  
  37  3:30  Supply Depot  
  39  3:36  SCV  
  39  3:40  Hellion x2  
  44  3:42  SCV  
  44  3:48  SCV  
  46  3:49  Cloaking Field  
  46  3:53  Supply Depot  
  46  3:54  SCV  
  47  4:00  SCV  
  47  4:01  Supply Depot  
  47  4:02  Banshee  
  51  4:08  SCV  
  52  4:12  SCV  
  52  4:14  Hellion x2  
  57  4:20  SCV  
  58  4:24  SCV  
  58  4:26  Supply Depot  
  59  4:33  SCV  
  59  4:36  SCV  
  61  4:40  Command Center  
  61  4:43  Hellion  
  61  4:45  Hellion, SCV  
  66  4:48  Banshee  
  66  4:52  SCV  
  68  4:54  Supply Depot  
  68  4:58  SCV  
  69  5:02  Armory  
  69  5:03  Refinery  
  69  5:04  Refinery  
  69  5:05  SCV  
  72  5:07  Hellion  
  72  5:11  Hellion  
  72  5:13  SCV  
  75  5:17  Supply Depot  
  75  5:18  SCV  
  76  5:29  SCV  
  75  5:35  SCV  
  75  5:37  Banshee  
  75  5:39  Barracks Tech Lab  
  75  5:40  Factory  
  75  5:41  SCV  
  80  5:44  Factory  
  80  5:45  Hellion x2  
  84  5:54  SCV  
  85  6:01  Orbital Command  
  85  6:03  Terran Vehicle Weapons Level 1  
  85  6:05  SCV, Armory  
  85  6:07  Supply Depot  
  85  6:09  SCV, Engineering Bay  
  87  6:12  Hellion x2  
  87  6:17  SCV  
  90  6:22  SCV  
  91  6:26  Barracks Reactor  
  91  6:31  Orbital Command  
  86  6:34  SCV  
  86  6:36  Factory x2  
  86  6:37  SCV  
  87  6:45  Viking  
  87  6:46  SCV, Siege Tank  
  93  6:48  Siege Tank  
  93  6:49  SCV  
  97  6:58  SCV  
  97  6:59  SCV  
  101  7:01  Hellion x2  
  101  7:02  Terran Vehicle And Ship Armor Level 1  
  101  7:03  Missile Turret  
  101  7:06  SCV, Missile Turret  
  104  7:11  SCV, Missile Turret  
  104  7:12  SCV  
  106  7:21  Refinery, Factory Reactor  
  106  7:22  Factory Tech Lab  
  106  7:23  SCV  
  106  7:28  Siege Tank  
  106  7:29  Hellion x2  
  113  7:31  SCV  
  113  7:34  SCV  
  113  7:35  Refinery  
  113  7:36  SCV  
  107  7:38  Thor, Command Center  
  107  7:44  SCV  
  114  7:46  SCV  
  114  7:47  Supply Depot  
  114  7:49  Hellion  
  113  7:56  Hellion x2  
  108  7:59  Thor  
  108  8:01  Missile Turret  
  108  8:03  Hellion x2  
  112  8:08  Liberator x2  
  112  8:11  Hellion  
  114  8:17  Hellion x2  
  114  8:18  Supply Depot x2  
  115  8:21  Hellion, Supply Depot  
  115  8:23  Supply Depot  
  123  8:30  Hellion  
  125  8:34  Thor  
  125  8:38  Infernal Pre-Igniter  
  125  8:40  Hellion x3  
  131  8:45  Hellion, Missile Turret  
  131  8:46  Sensor Tower  
  136  8:48  Siege Tank  
  136  8:59  Command Center  
  136  9:00  Liberator x2, Siege Tank  
  136  9:01  Hellion  
  141  9:04  Hellion  
  141  9:09  SCV x2  
  145  9:18  Hellion  
  153  9:31  Planetary Fortress, Missile Turret  
  153  9:41  Refinery  
  153  9:42  Refinery  
  153  9:43  Hellion  
  153  9:44  Hellion x2  
  162  9:45  Hellion  
  162  9:49  Hellion  
Tags
 
Add a new tag
Caveats
  • Supply blocks, unpowered buildings, or Contaminate may cause inaccurate times.
  • Supply counts are checked every 10 seconds.